 Dungeon Crawl Stone Soup version 0.31-a0-161-gb58dd9be76 (webtiles) character file.

Game seed: 4113815255220230910

7 mopl the Caller (level 2, -2/19 HPs)
             Began as a Merfolk Summoner on June 12, 2023.
             Slain by a hobgoblin (3 damage)
             ... on level 1 of the Dungeon.
             The game lasted 00:00:17 (153 turns).

mopl the Caller (Merfolk Summoner)                   Turns: 153, Time: 00:00:18

Health: -2/19      AC:  2    Str:  8    XL:     2   Next: 0%
Magic:  3/5        EV: 12    Int: 14    God:
Gold:   8          SH:  0    Dex: 14    Spells: 4/5 levels left

rFire   . . .        f - +0 hand axe
rCold   . . .        (no shield)
rNeg    . . .        a - +0 robe
rPois   .            (no helmet)
rElec   .            (no cloak)
rCorr   .            (no gloves)
SInv    .            (no boots)
Will    .....        (no amulet)
Stlth   ++           (no ring)
HPRegen 0.23/turn    (no ring)
MPRegen 0.09/turn

%: no passive effects
@: no status effects
A: (nimble swimmer 2), mertail
a: no special abilities


You were on level 1 of the Dungeon.
You visited 1 branch of the dungeon, and saw 1 of its levels.

You collected 8 gold pieces.

Inventory:

Hand Weapons
 f - a +0 hand axe (weapon)
Armour
 a - a +0 robe (worn)
Scrolls
 d - a scroll of immolation {unknown}
 e - a scroll of enchant armour {unknown}
Potions
 b - a potion of magic
 c - 2 potions of invisibility {unknown}
 g - a potion of curing {unknown}


   Skills:
 - Level 2.6 Dodging
 - Level 2.1 Stealth
 + Level 2.2 Spellcasting
 + Level 4.2 Summonings


You had 4 spell levels left.
You knew the following spells:

 Your Spells              Type           Power      Damage    Failure   Level
a - Summon Small Mammal   Summ           52%        N/A       4%          1

Your spell library contained the following spells:

 Spells                   Type           Power      Damage    Failure   Level
 Call Imp                 Summ           26%        N/A       6%          2
 Call Canine Familiar     Summ           13%        N/A       12%         3
 Summon Guardian Golem    Hex/Summ       7%         N/A       28%         3
 Summon Lightning Spire   Summ/Air       7%         N/A       67%         4


Dungeon Overview and Level Annotations

Branches:
Dungeon (1/15)

Altars:


Innate Abilities, Weirdness & Mutations

((You are very nimble when in or above water. (Stealth+, EV+, Speed+++)))
Your lower body shifts to a powerful aquatic tail in water.


Message History

The goblin shouts! x2; The hobgoblin shouts!
The jackal barks!
Unknown command.
The hobgoblin shouts!
The goblin misses you. The hobgoblin hits you. The goblin closely misses you.
You closely miss the hobgoblin. You barely miss the goblin. You hit the goblin.
You kill the goblin!
Your bat hits the hobgoblin but does no damage.
Your bat barely misses the goblin.
Your bat closely misses the goblin.
The jackal closely misses you.
A ball python comes into view.
The hobgoblin hits your bat. The hobgoblin misses you.
The goblin closely misses you. The jackal bites your bat.
Your bat dies!
Your bat's corpse disappears in a puff of smoke!
You hit the jackal but do no damage. You hit the goblin.
You barely miss the hobgoblin. The jackal completely misses you.
The hobgoblin misses you. The goblin hits you with a +0 dagger.
Unknown command.
You hit the goblin.
You kill the goblin!
You hit the jackal but do no damage. You closely miss the hobgoblin.
You hit the hobgoblin but do no damage. The hobgoblin closely misses you.
The hobgoblin hits you but does no damage.
The jackal bites you. The hobgoblin closely misses you. The hobgoblin hits you.
You have reached level 2!
Unknown command.
You closely miss the hobgoblin. You completely miss the hobgoblin.
You completely miss the jackal. x2; The jackal misses you. x2
The hobgoblin hits you.
* * * LOW HITPOINT WARNING * * *
The hobgoblin closely misses you. The jackal bites you.
* * * LOW HITPOINT WARNING * * *
The jackal bites you.
* * * LOW HITPOINT WARNING * * *
You barely miss the hobgoblin. You hit the jackal.
You hit the jackal but do no damage. You barely miss the hobgoblin.
The jackal bites you.
* * * LOW HITPOINT WARNING * * *
The jackal barely misses you. The hobgoblin hits you.
You die...

....# ....#
######.......#
....#
.....#.......#
.....#
.............#
.....#
............#
....... #
..........#
######..
...#........#
.#
#....hgh...##
#...g@)....#
##....S...?#
#.........#
##........#
#$....!..#
###...#..#
##.....#
......


You could see 2 jackals, 2 hobgoblins and a ball python.

Vanquished Creatures
  A giant cockroach (D:1)
  2 goblins (D:1)
  2 bats (D:1)
  A kobold (D:1)
6 creatures vanquished.

Notes
Turn   | Place    | Note
-------+----------+-------------------------------------------
     0 | D:1      | mopl the Merfolk Summoner began the quest for the Orb.
     0 | D:1      | Reached XP level 1. HP: 13/13 MP: 3/3
   152 | D:1      | Reached XP level 2. HP: 8/19 MP: 3/5
   153 | D:1      | Slain by a hobgoblin

Illustrated notes

Levels and vault maps discovered:
D:1:      saegor_arrival_under_anarchy, layout_basic

Action                     || total
---------------------------++-------
  Melee: Hand axe          ||    11
         Unarmed           ||     4
   Cast: Summon Small Mamm ||     2
   Stab: Distracted        ||     1
 Armour: Robe              ||     5
  Dodge: Dodged            ||    18

Table legend: (Time is in decaauts)
 A = Elapsed time spent in this place.
 B = Non-inter-level travel time spent in this place.
 C = Inter-level travel time spent in this place.
 D = Time resting spent in this place.
 E = Time spent auto-exploring this place.
 F = Levels seen in this place.
 G = Mean time per level.
                   A        B        C        D        E       F      G
               +--------+--------+--------+--------+--------+-----+--------+
         Total |    155 |    155 |      0 |      0 |    109 |   1 |  155.0 |
       Dungeon |    155 |    155 |      0 |      0 |    109 |   1 |  155.0 |
               +--------+--------+--------+--------+--------+-----+--------+

Top non-repeatable levels by time:
     D:1: 155 daAuts
